Sharks vs Blue Jackets
Created - April 19, 2021 at 19:02
Goals
|
| Sharks |
1 |
0 |
1 |
2 |
| Blue Jackets |
1 |
2 |
1 |
4 |
|
Shots
|
| Sharks |
12 |
3 |
21 |
36 |
| Blue Jackets |
11 |
21 |
11 |
43 |
|
1st period
1. Blue Jackets , Artemi Panarin 50 (Tyler Seguin 61) at 15:38 (PP)
2. Sharks , Nick Palmieri 37 (Drew Doughty 51) at 15:51
Penalties :
Artemi Panarin (Clb) for Hooking (Minor) at 2:46, Pavel Datsyuk (Clb) for Interference (Minor) at 7:25, Luke Adam (SJS) for Roughing (Minor) at 15:24
2nd period
3. Blue Jackets , Tyler Seguin 30 (Devin Setoguchi 43, Artemi Panarin 52) at 0:20
4. Blue Jackets , Cody Hodgson 16 (Mike Lundin 29, Max Pacioretty 38) at 5:07
Penalties :
Bobby Butler (SJS) for Interference (Minor) at 8:43, Jason Spezza (SJS) for Holding (Minor) at 17:47
3rd period
5. Sharks , Tyler Cuma 7 (Drew Doughty 52, T.J. Hensick 15) at 7:27 (PP)
6. Blue Jackets , Devin Setoguchi 22 (Artemi Panarin 53, Dalton Prout 14) at 19:14 (Empty Net)
Penalties :
Brandon Bollig (Clb) for Hooking (Minor) at 1:29, Mike Lundin (Clb) for Holding (Minor) at 6:53, Dalton Prout (Clb) for Diving (Minor) at 11:13
Goalie Stats
Antti Niemi (SJS), 39 saves from 42 shots - (0.929), L, 2-3-2, 59:32 minutes
Rick DiPietro (Clb), 34 saves from 36 shots - (0.944), W, 21-23-3, 60:00 minutes
Players Stats for Sharks
Player Name G A P +/- PIM S H SB GA TA FO MP PP MP PK MP
------------------------------------------------------------------------------------
Andrej Sekera 0 0 0 -1 0 1 0 0 0 0 0/0 12:13 0:05 0:00
Bobby Butler 0 0 0 0 2 0 1 1 0 0 0/1 13:53 0:29 0:00
Boone Jenner 0 0 0 0 0 3 0 0 0 0 0/0 7:19 0:00 1:29
Brandon Dubinsky 0 0 0 -2 0 4 2 1 0 0 0/0 18:06 3:57 1:43
Brayden McNabb 0 0 0 -1 0 1 1 0 0 0 0/0 11:58 0:00 0:00
David Rundblad 0 0 0 0 0 0 0 0 0 0 0/0 3:45 0:00 0:00
Drew Doughty 0 2 2 -1 0 5 0 1 2 2 0/0 27:06 5:11 2:00
Jason Spezza 0 0 0 0 2 1 4 0 1 1 16/27 21:23 4:04 1:12
Karl Alzner 0 0 0 0 0 2 0 1 0 1 0/0 20:42 3:19 2:12
Luke Adam 0 0 0 0 2 2 0 1 0 0 3/5 12:03 0:00 0:00
Mike Cammalleri 0 0 0 0 0 0 3 0 0 0 1/2 20:49 4:04 0:31
Milan Michalek 0 0 0 0 0 1 1 0 0 0 1/1 14:19 0:32 0:31
Nick Palmieri 1 0 1 0 0 6 2 0 1 1 0/2 22:29 4:04 1:58
Oskar Osala 0 0 0 -2 0 2 2 0 0 0 0/0 16:12 3:54 0:00
PK Subban 0 0 0 0 0 1 0 1 1 0 0/0 21:01 3:43 2:00
T.J. Hensick 0 1 1 -2 0 3 4 0 0 0 4/15 20:40 3:57 0:00
Tyler Cuma 1 0 1 -1 0 3 1 0 1 1 0/0 23:54 5:11 2:12
Zach Boychuk 0 0 0 0 0 1 1 0 1 0 2/4 7:53 0:00 1:00
Players Stats for Blue Jackets
Player Name G A P +/- PIM S H SB GA TA FO MP PP MP PK MP
------------------------------------------------------------------------------------
Andreas Nodl 0 0 0 0 0 1 0 1 0 0 0/0 8:05 0:00 0:00
Artemi Panarin 1 2 3 1 2 5 2 0 1 1 2/2 20:46 3:18 3:57
Brandon Bollig 0 0 0 0 2 0 0 1 0 0 0/0 10:05 0:00 0:05
Branislav Mezei 0 0 0 0 0 0 0 0 0 0 0/0 11:02 1:08 0:00
Cam Fowler 0 0 0 1 0 5 3 1 0 0 0/0 28:35 2:13 5:18
Christian Hanson 0 0 0 0 0 0 1 0 0 0 2/3 9:12 0:00 0:51
Cody Hodgson 1 0 1 1 0 5 1 0 0 0 3/5 16:38 0:54 2:10
Dalton Prout 0 1 1 1 2 0 2 3 2 0 0/0 20:05 0:51 2:31
Devin Setoguchi 1 1 2 1 0 4 0 0 1 0 2/4 16:31 3:18 0:00
Eric Wellwood 0 0 0 0 0 2 1 0 0 0 0/0 14:05 0:00 1:56
Martin Havlat 0 0 0 1 0 1 0 0 0 0 0/0 12:48 0:54 0:00
Max Pacioretty 0 1 1 1 0 2 0 0 0 1 2/3 17:14 0:54 3:08
Mike Lundin 0 1 1 1 2 3 2 1 0 3 0/0 28:30 2:43 4:44
Pavel Datsyuk 0 0 0 0 2 6 2 1 0 0 3/6 12:31 0:00 0:00
Rob Scuderi 0 0 0 1 0 1 1 2 1 0 0/0 20:07 0:51 3:12
Ryan Wilson 0 0 0 0 0 0 0 0 0 1 0/0 11:37 0:38 1:15
Tyler Kennedy 0 0 0 0 0 2 1 0 0 0 0/0 12:06 0:00 0:00
Tyler Seguin 1 1 2 1 0 6 2 0 1 1 16/34 21:28 3:18 4:53
3 Stars
1 - Artemi Panarin (Clb)
2 - Tyler Seguin (Clb)
3 - Devin Setoguchi (Clb)
Power Play
Sharks - 1 on 5 Attempt(s) - 20.00%
Blue Jackets - 1 on 3 Attempt(s) - 33.33%
Penalty Kill
Sharks - 2 on 3 Attempt(s) - 66.67%
- Score 0 goal in Penalty Kill
Blue Jackets - 4 on 5 Attempt(s) - 80.00%
- Score 0 goal in Penalty Kill
Team Stat
Sharks - Hits : 22 - Faceoff Wins : 27 - Blocked Shots : 6 - Penalty Minutes : 6
Blue Jackets - Hits : 18 - Faceoff Wins : 30 - Blocked Shots : 10 - Penalty Minutes : 10
Official
Referees : Unknown
Linesman : Unknown
Game Notes
Devin Setoguchi has scored in a empty net!
Finance
Level 1 -- Attendance: 4267 (71.12%) -- Ticket Income $490,705
Level 2 -- Attendance: 3877 (77.54%) -- Ticket Income $290,775
Level 3 -- Attendance: 1652 (82.60%) -- Ticket Income $74,340
Level 4 -- Attendance: 3155 (78.88%) -- Ticket Income $94,650
Luxury Box -- Attendance: 769 (76.90%) -- Ticket Income $165,335
Game was played at the Ohio State Arena.
Total Attendance: 13720 (76.22%)
Total Ticket Income: $1,115,805
Other Income: $167,371
Total Income: $1,283,176
Sharks
5 vs 5 Forward
Center Left Wing Right Wing Time % Phy DF OF
1 Jason Spezza Mike Cammalleri Nick Palmieri 40 1 1 3
2 T.J. Hensick Brandon Dubinsky Oskar Osala 30 1 2 2
3 Luke Adam Milan Michalek Bobby Butler 20 1 2 2
4 T.J. Hensick Zach Boychuk Boone Jenner 10 1 3 1
5 vs 5 Defense
Defense Defense Time % Phy DF OF
1 Drew Doughty Tyler Cuma 40 1 1 3
2 PK Subban Karl Alzner 30 1 2 2
3 Andrej Sekera Brayden McNabb 20 1 2 2
4 David Rundblad Drew Doughty 10 1 3 1
PowerPlay Forward
Center Left Wing Right Wing Time % Phy DF OF
1 Jason Spezza Mike Cammalleri Nick Palmieri 60 1 1 3
2 T.J. Hensick Brandon Dubinsky Oskar Osala 40 1 1 3
PowerPlay Defense
Defense Defense Time % Phy DF OF
1 Drew Doughty Tyler Cuma 60 1 1 3
2 PK Subban Karl Alzner 40 1 1 3
Penalty Kill 4 Players Forward
Center Wing Time % Phy DF OF
1 Jason Spezza Nick Palmieri 60 1 4 0
2 Mike Cammalleri Milan Michalek 40 1 4 0
Penalty Kill 4 Players Defense
Defense Defense Time % Phy DF OF
1 Drew Doughty PK Subban 60 1 4 0
2 Tyler Cuma Karl Alzner 40 1 4 0
Penalty Kill - 3 Players Forward
Forward Time % Phy DF OF
1 Jason Spezza 60 1 4 0
2 Nick Palmieri 40 1 4 0
Penalty Kill - 3 Players Defense
Defense Defense Time % Phy DF OF
1 Drew Doughty PK Subban 60 1 4 0
2 Tyler Cuma Karl Alzner 40 1 4 0
4 vs 4 Forward
Center Wing Time % Phy DF OF
1 Jason Spezza Nick Palmieri 60 1 2 2
2 Mike Cammalleri Brandon Dubinsky 40 1 2 2
4 vs 4 Defense
Defense Defense Time % Phy DF OF
1 Drew Doughty Tyler Cuma 60 1 2 2
2 PK Subban Karl Alzner 40 1 2 2
Last Minutes Offensive
Center Left Wing Right Wing Defense Defense
Jason Spezza Mike Cammalleri Nick Palmieri Drew Doughty PK Subban
Last Minutes Defensive
Center Left Wing Right Wing Defense Defense
Jason Spezza Mike Cammalleri Nick Palmieri Drew Doughty PK Subban
Goaltenders
Starting : Antti Niemi
Backup : Chet Pickard
Extra Forwards
Normal : Milan Michalek, Bobby Butler, Zach Boychuk - PP : Milan Michalek, Bobby Butler - PK : Zach Boychuk
Extra Defensemen
Normal : Andrej Sekera, Brayden McNabb, David Rundblad - PP : Andrej Sekera - PK : Brayden McNabb, David Rundblad
Penalty Shots
Jason Spezza, Nick Palmieri, Mike Cammalleri, Brandon Dubinsky, Milan Michalek
Scratches
Jiri Tlusty (Broken Ribs Injury), Ryan Miller (Healthy)
Blue Jackets
5 vs 5 Forward
Center Left Wing Right Wing Time % Phy DF OF
1 Tyler Seguin Artemi Panarin Devin Setoguchi 40 1 2 2
2 Cody Hodgson Max Pacioretty Martin Havlat 30 1 2 2
3 Pavel Datsyuk Eric Wellwood Tyler Kennedy 20 1 2 2
4 Christian Hanson Brandon Bollig Andreas Nodl 10 1 2 2
5 vs 5 Defense
Defense Defense Time % Phy DF OF
1 Cam Fowler Mike Lundin 40 1 2 2
2 Dalton Prout Rob Scuderi 30 1 2 2
3 Branislav Mezei Ryan Wilson 20 1 2 2
4 Cam Fowler Mike Lundin 10 1 2 2
PowerPlay Forward
Center Left Wing Right Wing Time % Phy DF OF
1 Tyler Seguin Artemi Panarin Devin Setoguchi 60 1 2 2
2 Cody Hodgson Max Pacioretty Martin Havlat 40 1 2 2
PowerPlay Defense
Defense Defense Time % Phy DF OF
1 Cam Fowler Mike Lundin 60 1 2 2
2 Dalton Prout Rob Scuderi 40 1 2 2
Penalty Kill 4 Players Forward
Center Wing Time % Phy DF OF
1 Tyler Seguin Artemi Panarin 60 1 2 2
2 Max Pacioretty Cody Hodgson 40 1 2 2
Penalty Kill 4 Players Defense
Defense Defense Time % Phy DF OF
1 Cam Fowler Mike Lundin 60 1 2 2
2 Dalton Prout Rob Scuderi 40 1 2 2
Penalty Kill - 3 Players Forward
Forward Time % Phy DF OF
1 Tyler Seguin 60 1 2 2
2 Artemi Panarin 40 1 2 2
Penalty Kill - 3 Players Defense
Defense Defense Time % Phy DF OF
1 Cam Fowler Mike Lundin 60 1 2 2
2 Dalton Prout Rob Scuderi 40 1 2 2
4 vs 4 Forward
Center Wing Time % Phy DF OF
1 Tyler Seguin Artemi Panarin 60 1 2 2
2 Max Pacioretty Cody Hodgson 40 1 2 2
4 vs 4 Defense
Defense Defense Time % Phy DF OF
1 Cam Fowler Mike Lundin 60 1 2 2
2 Dalton Prout Rob Scuderi 40 1 2 2
Last Minutes Offensive
Center Left Wing Right Wing Defense Defense
Tyler Seguin Artemi Panarin Devin Setoguchi Cam Fowler Mike Lundin
Last Minutes Defensive
Center Left Wing Right Wing Defense Defense
Tyler Seguin Artemi Panarin Devin Setoguchi Cam Fowler Mike Lundin
Goaltenders
Starting : Rick DiPietro
Backup : Thomas Greiss
Extra Forwards
Normal : Pavel Datsyuk, Tyler Kennedy, Eric Wellwood - PP : Pavel Datsyuk, Tyler Kennedy - PK : Eric Wellwood
Extra Defensemen
Normal : Branislav Mezei, Ryan Wilson, Dalton Prout - PP : Branislav Mezei - PK : Ryan Wilson, Dalton Prout
Penalty Shots
Tyler Seguin, Artemi Panarin, Max Pacioretty, Cody Hodgson, Devin Setoguchi
Scratches
Anthony Stewart (Healthy), Dennis Wideman (Healthy), Timothy Kunes (Healthy), Andrei Vasilevskiy (Healthy)
% Time on Ice - Sharks
Lines # - Real PCT - Wanted PCT - Time Play
Normal Forward
1 - 34% - 40% - 15:57
2 - 29% - 30% - 13:40
3 - 26% - 20% - 12:04
4 - 11% - 10% - 5:19
Normal Defense
1 - 35% - 40% - 16:20
2 - 32% - 30% - 15:11
3 - 25% - 20% - 11:58
4 - 7% - 10% - 3:31
PP Forward
1 - 51% - 60% - 4:22
2 - 49% - 40% - 4:08
PP Defense
1 - 61% - 60% - 5:11
2 - 39% - 40% - 3:19
PK Forward
1 - 88% - 60% - 3:41
2 - 12% - 40% - 0:31
PK Defense
1 - 48% - 60% - 2:00
2 - 52% - 40% - 2:12
PK3 Forward
1 - 0% - 60%
2 - 0% - 40%
PK3 Defense
1 - 0% - 60%
2 - 0% - 40%
44 Forward
1 - 0% - 60%
2 - 0% - 40%
44 Defense
1 - 0% - 60%
2 - 0% - 40%
Last Minute Offensive - 0:18
Last Minute Defensive - 0:00
Total
Forward - 60:00
Defense - 60:00
|
% Time on Ice - Blue Jackets
Lines # - Real PCT - Wanted PCT - Time Play
Normal Forward
1 - 28% - 40% - 13:14
2 - 29% - 30% - 13:34
3 - 26% - 20% - 12:06
4 - 17% - 10% - 8:05
Normal Defense
1 - 39% - 40% - 18:14
2 - 35% - 30% - 16:19
3 - 22% - 20% - 10:21
4 - 4% - 10% - 2:05
PP Forward
1 - 79% - 60% - 3:18
2 - 21% - 40% - 0:54
PP Defense
1 - 80% - 60% - 3:21
2 - 20% - 40% - 0:51
PK Forward
1 - 75% - 60% - 6:20
2 - 25% - 40% - 2:10
PK Defense
1 - 62% - 60% - 5:18
2 - 38% - 40% - 3:12
PK3 Forward
1 - 0% - 60%
2 - 0% - 40%
PK3 Defense
1 - 0% - 60%
2 - 0% - 40%
44 Forward
1 - 0% - 60%
2 - 0% - 40%
44 Defense
1 - 0% - 60%
2 - 0% - 40%
Last Minute Offensive - 0:00
Last Minute Defensive - 0:19
Total
Forward - 60:00
Defense - 60:00
|
Play-by-Play
1st period
0:01 of 1st period - Jason Spezza wins face-off versus Devin Setoguchi in neutral zone.
0:26 of 1st period - Cam Fowler is hit by Oskar Osala and loses puck.
0:45 of 1st period - Snap shot by Pavel Datsyuk.
0:45 of 1st period - Stopped by Antti Niemi with a rebound.
1:07 of 1st period - Snap shot by Zach Boychuk.
1:07 of 1st period - Deflect By T.J. Hensick.
1:07 of 1st period - Stopped by Rick DiPietro with a rebound.
1:09 of 1st period - Wrist shot by Boone Jenner.
1:09 of 1st period - Deflect By Zach Boychuk.
1:09 of 1st period - Stopped by Rick DiPietro without a rebound.
1:10 of 1st period - Tyler Seguin wins face-off versus T.J. Hensick in Blue Jackets zone.
1:23 of 1st period - Wrist shot by T.J. Hensick.
1:23 of 1st period - Stopped by Rick DiPietro with a rebound.
1:37 of 1st period - Branislav Mezei is hit by Jason Spezza and loses puck.
2:24 of 1st period - Slapshot by Pavel Datsyuk.
2:24 of 1st period - Stopped by Antti Niemi without a rebound.
2:25 of 1st period - Tyler Seguin wins face-off versus Jason Spezza in Sharks zone.
2:32 of 1st period - Snap shot by Devin Setoguchi.
2:32 of 1st period - Stopped by Antti Niemi with a rebound.
2:40 of 1st period - Wrist shot by Jason Spezza.
2:40 of 1st period - Shot Misses the Net.
2:46 of 1st period - Minor Penalty to Artemi Panarin for Hooking.
2:47 of 1st period - Tyler Seguin wins face-off versus Jason Spezza in Blue Jackets zone.
2:58 of 1st period - Mike Lundin is hit by Jason Spezza and loses puck.
3:23 of 1st period - Mike Lundin is hit by Brandon Dubinsky and loses puck.
4:46 of 1st period - Penalty to Artemi Panarin is over, Artemi Panarin is back on ice.
4:54 of 1st period - Ryan Wilson is hit by Bobby Butler and loses puck.
5:01 of 1st period - Wrist shot by Milan Michalek.
5:01 of 1st period - Deflect By Bobby Butler.
5:01 of 1st period - Deflect By Artemi Panarin.
5:01 of 1st period - Shot Misses the Net.
5:01 of 1st period - Puck is out of play.
5:02 of 1st period - Tyler Seguin wins face-off versus Bobby Butler in Blue Jackets zone.
5:38 of 1st period - Eric Wellwood is hit by T.J. Hensick and loses puck.
5:57 of 1st period - Wrist shot by Cody Hodgson.
5:57 of 1st period - Stopped by Antti Niemi without a rebound.
5:58 of 1st period - Christian Hanson wins face-off versus T.J. Hensick in Sharks zone.
6:25 of 1st period - Tyler Seguin is hit by Jason Spezza and loses puck.
7:13 of 1st period - Wrist shot by Brandon Dubinsky.
7:13 of 1st period - Stopped by Rick DiPietro with a rebound.
7:15 of 1st period - Slapshot by Karl Alzner.
7:15 of 1st period - Stopped by Rick DiPietro with a rebound.
7:17 of 1st period - Wrist shot by Oskar Osala.
7:17 of 1st period - Stopped by Rick DiPietro with a rebound.
7:25 of 1st period - Minor Penalty to Pavel Datsyuk for Interference.
7:26 of 1st period - Jason Spezza wins face-off versus Tyler Seguin in Blue Jackets zone.
9:25 of 1st period - Penalty to Pavel Datsyuk is over, Pavel Datsyuk is back on ice.
10:23 of 1st period - Off-side.
10:24 of 1st period - Jason Spezza wins face-off versus Tyler Seguin in neutral zone.
11:26 of 1st period - Wrist shot by Cody Hodgson.
11:26 of 1st period - Stopped by Antti Niemi without a rebound.
11:27 of 1st period - Cody Hodgson wins face-off versus Luke Adam in Sharks zone.
11:52 of 1st period - Slapshot by Drew Doughty.
11:52 of 1st period - Stopped by Rick DiPietro without a rebound.
11:53 of 1st period - Jason Spezza wins face-off versus Tyler Seguin in Blue Jackets zone.
12:20 of 1st period - Ryan Wilson is hit by T.J. Hensick.
12:42 of 1st period - Slapshot by Max Pacioretty.
12:42 of 1st period - Shot Misses the Net.
12:44 of 1st period - Wrist shot by Cody Hodgson.
12:44 of 1st period - Stopped by Antti Niemi without a rebound.
12:45 of 1st period - Cody Hodgson wins face-off versus Jason Spezza in Sharks zone.
13:05 of 1st period - Slapshot by Cam Fowler.
13:05 of 1st period - Stopped by Antti Niemi with a rebound.
13:07 of 1st period - Snap shot by Martin Havlat.
13:07 of 1st period - Shot Blocked by Karl Alzner.
13:33 of 1st period - Snap shot by Max Pacioretty.
13:33 of 1st period - Stopped by Antti Niemi without a rebound.
13:34 of 1st period - T.J. Hensick wins face-off versus Tyler Seguin in Sharks zone.
14:01 of 1st period - Mike Lundin is hit by T.J. Hensick and loses puck.
14:08 of 1st period - Dalton Prout is hit by T.J. Hensick and loses puck.
14:26 of 1st period - Icing by Rob Scuderi.
14:27 of 1st period - Luke Adam wins face-off versus Christian Hanson in Blue Jackets zone.
15:09 of 1st period - Wrist shot by Andreas Nodl.
15:09 of 1st period - Shot Blocked by Luke Adam.
15:15 of 1st period - Slapshot by Brandon Bollig.
15:15 of 1st period - Shot Misses the Net.
15:24 of 1st period - Minor Penalty to Luke Adam for Roughing.
15:25 of 1st period - Jason Spezza wins face-off versus Devin Setoguchi in Sharks zone.
15:25 of 1st period - Jason Spezza is hit by Tyler Seguin.
15:38 of 1st period - Wrist shot by Artemi Panarin.
15:38 of 1st period - Goal by Artemi Panarin - Sharks : 0 - Blue Jackets : 1.
15:39 of 1st period - Jason Spezza wins face-off versus Tyler Seguin in neutral zone.
15:44 of 1st period - Artemi Panarin is hit by Tyler Cuma and loses puck.
15:51 of 1st period - Slapshot by Nick Palmieri.
15:51 of 1st period - Goal by Nick Palmieri - Sharks : 1 - Blue Jackets : 1.
15:52 of 1st period - Tyler Seguin wins face-off versus Jason Spezza in neutral zone.
16:37 of 1st period - Slapshot by Jason Spezza.
16:37 of 1st period - Shot Blocked by Pavel Datsyuk.
16:53 of 1st period - Snap shot by Nick Palmieri.
16:53 of 1st period - Stopped by Rick DiPietro with a rebound.
17:19 of 1st period - Snap shot by Nick Palmieri.
17:19 of 1st period - Stopped by Rick DiPietro with a rebound.
17:21 of 1st period - Snap shot by Drew Doughty.
17:21 of 1st period - Stopped by Rick DiPietro without a rebound.
17:22 of 1st period - Tyler Seguin wins face-off versus T.J. Hensick in Blue Jackets zone.
17:47 of 1st period - Wrist shot by Luke Adam.
17:47 of 1st period - Deflect By Bobby Butler.
17:47 of 1st period - Shot Misses the Net.
17:47 of 1st period - Puck is out of play.
17:48 of 1st period - Luke Adam wins face-off versus Cody Hodgson in Blue Jackets zone.
17:51 of 1st period - Wrist shot by Luke Adam.
17:51 of 1st period - Stopped by Rick DiPietro without a rebound.
17:52 of 1st period - Tyler Seguin wins face-off versus T.J. Hensick in Blue Jackets zone.
17:52 of 1st period - Tyler Seguin is hit by Brayden McNabb.
18:39 of 1st period - Off-side.
18:40 of 1st period - Pavel Datsyuk wins face-off versus Zach Boychuk in neutral zone.
18:45 of 1st period - Boone Jenner is hit by Tyler Kennedy and loses puck.
18:52 of 1st period - Snap shot by Tyler Cuma.
18:52 of 1st period - Shot Misses the Net.
19:08 of 1st period - Drew Doughty is hit by Tyler Seguin and loses puck.
19:15 of 1st period - Mike Lundin is hit by Mike Cammalleri and loses puck.
19:55 of 1st period - Snap shot by Andreas Nodl.
19:55 of 1st period - Stopped by Antti Niemi with a rebound.
19:57 of 1st period - Snap shot by Cam Fowler.
19:57 of 1st period - Stopped by Antti Niemi with a rebound.
Goals for this period are 1 for Sharks vs 1 for Blue Jackets.
Shots for this period are 12 for Sharks vs 11 for Blue Jackets.
2nd period
0:01 of 2nd period - Tyler Seguin wins face-off versus T.J. Hensick in neutral zone.
0:04 of 2nd period - Slapshot by Mike Lundin.
0:04 of 2nd period - Stopped by Antti Niemi with a rebound.
0:06 of 2nd period - Slapshot by Artemi Panarin.
0:06 of 2nd period - Stopped by Antti Niemi without a rebound.
0:07 of 2nd period - Tyler Seguin wins face-off versus T.J. Hensick in Sharks zone.
0:16 of 2nd period - Slapshot by Tyler Seguin.
0:16 of 2nd period - Stopped by Antti Niemi with a rebound.
0:18 of 2nd period - Wrist shot by Devin Setoguchi.
0:18 of 2nd period - Stopped by Antti Niemi with a rebound.
0:20 of 2nd period - Wrist shot by Tyler Seguin.
0:20 of 2nd period - Goal by Tyler Seguin - Sharks : 1 - Blue Jackets : 2.
0:21 of 2nd period - Tyler Seguin wins face-off versus Mike Cammalleri in neutral zone.
0:48 of 2nd period - Drew Doughty is hit by Dalton Prout and loses puck.
1:15 of 2nd period - Slapshot by Drew Doughty.
1:15 of 2nd period - Shot Hit the Post.
1:25 of 2nd period - Oskar Osala is hit by Mike Lundin and loses puck.
2:36 of 2nd period - Dalton Prout is hit by Oskar Osala and loses puck.
3:14 of 2nd period - Snap shot by Eric Wellwood.
3:14 of 2nd period - Stopped by Antti Niemi with a rebound.
3:16 of 2nd period - Wrist shot by Eric Wellwood.
3:16 of 2nd period - Shot Misses the Net.
3:22 of 2nd period - Wrist shot by Eric Wellwood.
3:22 of 2nd period - Shot Misses the Net.
3:24 of 2nd period - Backhand shot by Tyler Kennedy.
3:24 of 2nd period - Deflect By Eric Wellwood.
3:24 of 2nd period - Shot Blocked by PK Subban.
3:24 of 2nd period - Puck is out of play.
3:25 of 2nd period - Jason Spezza wins face-off versus Tyler Seguin in Sharks zone.
4:00 of 2nd period - Drew Doughty is hit by Christian Hanson and loses puck.
4:16 of 2nd period - Off-side.
4:17 of 2nd period - Cody Hodgson wins face-off versus T.J. Hensick in neutral zone.
4:20 of 2nd period - Brandon Dubinsky is hit by Cody Hodgson and loses puck.
4:59 of 2nd period - Snap shot by Cody Hodgson.
4:59 of 2nd period - Shot Misses the Net.
5:01 of 2nd period - Slapshot by Cam Fowler.
5:01 of 2nd period - Stopped by Antti Niemi with a rebound.
5:03 of 2nd period - Snap shot by Cody Hodgson.
5:03 of 2nd period - Deflect By Max Pacioretty.
5:03 of 2nd period - Stopped by Antti Niemi with a rebound.
5:05 of 2nd period - Slapshot by Mike Lundin.
5:05 of 2nd period - Stopped by Antti Niemi with a rebound.
5:07 of 2nd period - Snap shot by Cody Hodgson.
5:07 of 2nd period - Deflect By Brayden McNabb.
5:07 of 2nd period - Goal by Cody Hodgson - Sharks : 1 - Blue Jackets : 3.
5:08 of 2nd period - Jason Spezza wins face-off versus Tyler Seguin in neutral zone.
5:13 of 2nd period - Slapshot by Drew Doughty.
5:13 of 2nd period - Deflect By Nick Palmieri.
5:13 of 2nd period - Stopped by Rick DiPietro with a rebound.
5:37 of 2nd period - Snap shot by Pavel Datsyuk.
5:37 of 2nd period - Shot Misses the Net.
5:42 of 2nd period - Tyler Cuma is hit by Cam Fowler.
6:30 of 2nd period - Snap shot by Jason Spezza.
6:30 of 2nd period - Shot Blocked by Andreas Nodl.
6:32 of 2nd period - Slapshot by Brayden McNabb.
6:32 of 2nd period - Shot Blocked by Mike Lundin.
6:34 of 2nd period - Wrist shot by Mike Cammalleri.
6:34 of 2nd period - Shot Misses the Net.
8:43 of 2nd period - Minor Penalty to Bobby Butler for Interference.
8:44 of 2nd period - Jason Spezza wins face-off versus Tyler Seguin in Sharks zone.
10:30 of 2nd period - Cody Hodgson is hit by Milan Michalek and loses puck.
10:43 of 2nd period - Penalty to Bobby Butler is over, Bobby Butler is back on ice.
10:57 of 2nd period - Brandon Dubinsky is hit by Eric Wellwood and loses puck.
11:14 of 2nd period - Luke Adam is hit by Cam Fowler and loses puck.
11:25 of 2nd period - Slapshot by Brandon Bollig.
11:25 of 2nd period - Shot Misses the Net.
11:27 of 2nd period - Slapshot by Branislav Mezei.
11:27 of 2nd period - Shot Blocked by Bobby Butler.
11:37 of 2nd period - Pavel Datsyuk is hit by Zach Boychuk and loses puck.
11:52 of 2nd period - Ryan Wilson is hit by Mike Cammalleri and loses puck.
12:05 of 2nd period - Snap shot by Brandon Bollig.
12:05 of 2nd period - Shot Misses the Net.
12:07 of 2nd period - Snap shot by Brandon Bollig.
12:07 of 2nd period - Shot Blocked by Brandon Dubinsky.
13:28 of 2nd period - Brayden McNabb is hit by Artemi Panarin and loses puck.
13:52 of 2nd period - Icing by Andrej Sekera.
13:53 of 2nd period - Christian Hanson wins face-off versus Jason Spezza in Sharks zone.
13:58 of 2nd period - Wrist shot by Martin Havlat.
13:58 of 2nd period - Stopped by Antti Niemi with a rebound.
14:16 of 2nd period - Wrist shot by Nick Palmieri.
14:16 of 2nd period - Shot Blocked by Dalton Prout.
14:18 of 2nd period - Snap shot by Brayden McNabb.
14:18 of 2nd period - Stopped by Rick DiPietro with a rebound.
14:20 of 2nd period - Snap shot by Andrej Sekera.
14:20 of 2nd period - Deflect By Cody Hodgson.
14:20 of 2nd period - Stopped by Rick DiPietro without a rebound.
14:21 of 2nd period - Tyler Seguin wins face-off versus T.J. Hensick in Blue Jackets zone.
14:27 of 2nd period - Slapshot by Mike Lundin.
14:27 of 2nd period - Stopped by Antti Niemi with a rebound.
15:26 of 2nd period - Drew Doughty is hit by Dalton Prout and loses puck.
15:54 of 2nd period - Drew Doughty is hit by Pavel Datsyuk and loses puck.
16:15 of 2nd period - Wrist shot by Martin Havlat.
16:15 of 2nd period - Shot Blocked by Drew Doughty.
16:17 of 2nd period - Slapshot by Mike Lundin.
16:17 of 2nd period - Shot Misses the Net.
16:19 of 2nd period - Slapshot by Cam Fowler.
16:19 of 2nd period - Stopped by Antti Niemi without a rebound.
16:20 of 2nd period - Devin Setoguchi wins face-off versus T.J. Hensick in Sharks zone.
16:29 of 2nd period - Slapshot by Tyler Seguin.
16:29 of 2nd period - Shot Misses the Net.
16:33 of 2nd period - Wrist shot by Devin Setoguchi.
16:33 of 2nd period - Stopped by Antti Niemi without a rebound.
16:34 of 2nd period - Tyler Seguin wins face-off versus Jason Spezza in Sharks zone.
16:45 of 2nd period - Wrist shot by Tyler Seguin.
16:45 of 2nd period - Stopped by Antti Niemi with a rebound.
16:47 of 2nd period - Snap shot by Tyler Seguin.
16:47 of 2nd period - Stopped by Antti Niemi with a rebound.
16:49 of 2nd period - Slapshot by Rob Scuderi.
16:49 of 2nd period - Stopped by Antti Niemi without a rebound.
16:50 of 2nd period - Max Pacioretty wins face-off versus T.J. Hensick in Sharks zone.
17:25 of 2nd period - Off-side.
17:26 of 2nd period - Tyler Seguin wins face-off versus Jason Spezza in neutral zone.
17:47 of 2nd period - Minor Penalty to Jason Spezza for Holding.
17:48 of 2nd period - Zach Boychuk wins face-off versus Tyler Seguin in Sharks zone.
17:54 of 2nd period - Off-side.
17:55 of 2nd period - Zach Boychuk wins face-off versus Tyler Seguin in neutral zone.
18:44 of 2nd period - Wrist shot by Tyler Seguin.
18:44 of 2nd period - Stopped by Antti Niemi with a rebound.
18:52 of 2nd period - Slapshot by Artemi Panarin.
18:52 of 2nd period - Stopped by Antti Niemi with a rebound.
18:54 of 2nd period - Wrist shot by Tyler Seguin.
18:54 of 2nd period - Stopped by Antti Niemi with a rebound.
19:22 of 2nd period - Wrist shot by Artemi Panarin.
19:22 of 2nd period - Shot Misses the Net.
19:46 of 2nd period - Snap shot by Artemi Panarin.
19:46 of 2nd period - Stopped by Antti Niemi with a rebound.
19:47 of 2nd period - Penalty to Jason Spezza is over, Jason Spezza is back on ice.
19:48 of 2nd period - Snap shot by Devin Setoguchi.
19:48 of 2nd period - Deflect By Karl Alzner.
19:48 of 2nd period - Shot Misses the Net.
19:48 of 2nd period - Puck is out of play.
19:49 of 2nd period - Mike Cammalleri wins face-off versus Cody Hodgson in Sharks zone.
Goals for this period are 0 for Sharks vs 2 for Blue Jackets.
Shots for this period are 3 for Sharks vs 21 for Blue Jackets.
3rd period
0:01 of 3rd period - Tyler Seguin wins face-off versus Jason Spezza in neutral zone.
1:19 of 3rd period - Slapshot by Drew Doughty.
1:19 of 3rd period - Stopped by Rick DiPietro with a rebound.
1:21 of 3rd period - Snap shot by Milan Michalek.
1:21 of 3rd period - Shot Misses the Net.
1:23 of 3rd period - Backhand shot by Drew Doughty.
1:23 of 3rd period - Shot Blocked by Brandon Bollig.
1:29 of 3rd period - Minor Penalty to Brandon Bollig for Hooking.
1:30 of 3rd period - Artemi Panarin wins face-off versus T.J. Hensick in Blue Jackets zone.
1:45 of 3rd period - Snap shot by T.J. Hensick.
1:45 of 3rd period - Shot Blocked by Cam Fowler.
2:01 of 3rd period - Slapshot by PK Subban.
2:01 of 3rd period - Stopped by Rick DiPietro without a rebound.
2:02 of 3rd period - Jason Spezza wins face-off versus Tyler Seguin in Blue Jackets zone.
2:03 of 3rd period - Slapshot by Drew Doughty.
2:03 of 3rd period - Shot Misses the Net.
2:05 of 3rd period - Slapshot by Tyler Cuma.
2:05 of 3rd period - Deflect By Nick Palmieri.
2:05 of 3rd period - Shot Hit the Post.
2:05 of 3rd period - Puck is out of play.
2:06 of 3rd period - Jason Spezza wins face-off versus Tyler Seguin in Blue Jackets zone.
2:11 of 3rd period - Slapshot by Jason Spezza.
2:11 of 3rd period - Stopped by Rick DiPietro with a rebound.
2:13 of 3rd period - Slapshot by Drew Doughty.
2:13 of 3rd period - Deflect By Dalton Prout.
2:13 of 3rd period - Stopped by Rick DiPietro without a rebound.
2:14 of 3rd period - Tyler Seguin wins face-off versus Jason Spezza in Blue Jackets zone.
2:48 of 3rd period - Slapshot by T.J. Hensick.
2:48 of 3rd period - Stopped by Rick DiPietro with a rebound.
2:50 of 3rd period - Snap shot by Brandon Dubinsky.
2:50 of 3rd period - Stopped by Rick DiPietro without a rebound.
2:51 of 3rd period - Max Pacioretty wins face-off versus Nick Palmieri in Blue Jackets zone.
2:51 of 3rd period - Max Pacioretty is hit by Nick Palmieri.
3:05 of 3rd period - Dalton Prout is hit by Nick Palmieri.
3:20 of 3rd period - Off-side.
3:21 of 3rd period - T.J. Hensick wins face-off versus Max Pacioretty in neutral zone.
3:29 of 3rd period - Penalty to Brandon Bollig is over, Brandon Bollig is back on ice.
4:29 of 3rd period - Snap shot by Cody Hodgson.
4:29 of 3rd period - Stopped by Antti Niemi with a rebound.
4:47 of 3rd period - Backhand shot by Brandon Dubinsky.
4:47 of 3rd period - Stopped by Rick DiPietro with a rebound.
4:49 of 3rd period - Slapshot by Karl Alzner.
4:49 of 3rd period - Stopped by Rick DiPietro with a rebound.
5:06 of 3rd period - Snap shot by Brandon Dubinsky.
5:06 of 3rd period - Shot Misses the Net.
5:08 of 3rd period - Slapshot by Oskar Osala.
5:08 of 3rd period - Stopped by Rick DiPietro without a rebound.
5:09 of 3rd period - Devin Setoguchi wins face-off versus Jason Spezza in Blue Jackets zone.
5:34 of 3rd period - Bobby Butler is hit by Rob Scuderi and loses puck.
5:47 of 3rd period - Wrist shot by Tyler Kennedy.
5:47 of 3rd period - Stopped by Antti Niemi without a rebound.
5:48 of 3rd period - Jason Spezza wins face-off versus Tyler Seguin in Sharks zone.
6:18 of 3rd period - Snap shot by Artemi Panarin.
6:18 of 3rd period - Stopped by Antti Niemi without a rebound.
6:19 of 3rd period - Pavel Datsyuk wins face-off versus Luke Adam in Sharks zone.
6:38 of 3rd period - Backhand shot by Luke Adam.
6:38 of 3rd period - Stopped by Rick DiPietro with a rebound.
6:40 of 3rd period - Slapshot by Tyler Cuma.
6:40 of 3rd period - Shot Blocked by Dalton Prout.
6:42 of 3rd period - Wrist shot by Bobby Butler.
6:42 of 3rd period - Shot Blocked by Dalton Prout.
6:48 of 3rd period - Snap shot by Milan Michalek.
6:48 of 3rd period - Stopped by Rick DiPietro without a rebound.
6:49 of 3rd period - Jason Spezza wins face-off versus Tyler Seguin in Blue Jackets zone.
6:53 of 3rd period - Minor Penalty to Mike Lundin for Holding.
6:54 of 3rd period - Jason Spezza wins face-off versus Tyler Seguin in Blue Jackets zone.
7:27 of 3rd period - Slapshot by Tyler Cuma.
7:27 of 3rd period - Goal by Tyler Cuma - Sharks : 2 - Blue Jackets : 3.
7:28 of 3rd period - Tyler Seguin wins face-off versus Nick Palmieri in neutral zone.
7:57 of 3rd period - Snap shot by Brandon Dubinsky.
7:57 of 3rd period - Stopped by Rick DiPietro without a rebound.
7:58 of 3rd period - Jason Spezza wins face-off versus Tyler Seguin in Blue Jackets zone.
7:59 of 3rd period - Snap shot by Nick Palmieri.
7:59 of 3rd period - Stopped by Rick DiPietro without a rebound.
8:00 of 3rd period - Artemi Panarin wins face-off versus Jason Spezza in Blue Jackets zone.
8:13 of 3rd period - Slapshot by PK Subban.
8:13 of 3rd period - Shot Blocked by Rob Scuderi.
8:37 of 3rd period - Snap shot by Pavel Datsyuk.
8:37 of 3rd period - Stopped by Antti Niemi with a rebound.
8:39 of 3rd period - Snap shot by Eric Wellwood.
8:39 of 3rd period - Stopped by Antti Niemi without a rebound.
8:40 of 3rd period - Jason Spezza wins face-off versus Tyler Seguin in Sharks zone.
9:57 of 3rd period - Wrist shot by T.J. Hensick.
9:57 of 3rd period - Shot Misses the Net.
9:59 of 3rd period - Snap shot by Boone Jenner.
9:59 of 3rd period - Stopped by Rick DiPietro with a rebound.
10:01 of 3rd period - Snap shot by Boone Jenner.
10:01 of 3rd period - Stopped by Rick DiPietro with a rebound.
11:13 of 3rd period - Minor Penalty to Dalton Prout for Diving.
11:14 of 3rd period - T.J. Hensick wins face-off versus Tyler Seguin in Blue Jackets zone.
13:05 of 3rd period - Cam Fowler is hit by Mike Cammalleri and loses puck.
13:13 of 3rd period - Penalty to Dalton Prout is over, Dalton Prout is back on ice.
15:13 of 3rd period - Brandon Dubinsky is hit by Artemi Panarin and loses puck.
15:33 of 3rd period - Brandon Dubinsky is hit by Pavel Datsyuk.
16:36 of 3rd period - Slapshot by Tyler Cuma.
16:36 of 3rd period - Stopped by Rick DiPietro without a rebound.
16:37 of 3rd period - Milan Michalek wins face-off versus Pavel Datsyuk in Blue Jackets zone.
16:55 of 3rd period - Rob Scuderi is hit by Jason Spezza and loses puck.
17:23 of 3rd period - Andrej Sekera is hit by Cam Fowler and loses puck.
17:30 of 3rd period - Devin Setoguchi is hit by Brandon Dubinsky and loses puck.
17:48 of 3rd period - Slapshot by Cam Fowler.
17:48 of 3rd period - Stopped by Antti Niemi with a rebound.
18:26 of 3rd period - Snap shot by Pavel Datsyuk.
18:26 of 3rd period - Stopped by Antti Niemi with a rebound.
18:28 of 3rd period - Wrist shot by Tyler Kennedy.
18:28 of 3rd period - Deflect By Pavel Datsyuk.
18:28 of 3rd period - Stopped by Antti Niemi without a rebound.
18:29 of 3rd period - Pavel Datsyuk wins face-off versus Zach Boychuk in Sharks zone.
18:32 of 3rd period - Snap shot by Tyler Kennedy.
18:32 of 3rd period - Stopped by Antti Niemi with a rebound.
18:34 of 3rd period - Wrist shot by Pavel Datsyuk.
18:34 of 3rd period - Stopped by Antti Niemi without a rebound.
18:35 of 3rd period - Luke Adam wins face-off versus Pavel Datsyuk in Sharks zone.
18:46 of 3rd period - Sharks, Antti Niemi is pulled from the net.
18:48 of 3rd period - Snap shot by Luke Adam.
18:48 of 3rd period - Shot Blocked by Rob Scuderi.
19:04 of 3rd period - Snap shot by Nick Palmieri.
19:04 of 3rd period - Stopped by Rick DiPietro with a rebound.
19:14 of 3rd period - Snap shot by Devin Setoguchi.
19:14 of 3rd period - Goal by Devin Setoguchi - Sharks : 2 - Blue Jackets : 4.
19:14 of 3rd period - Antti Niemi from Sharks was sent back in the game.
19:15 of 3rd period - T.J. Hensick wins face-off versus Pavel Datsyuk in neutral zone.
19:20 of 3rd period - Slapshot by Drew Doughty.
19:20 of 3rd period - Deflect By Cam Fowler.
19:20 of 3rd period - Stopped by Rick DiPietro with a rebound.
19:22 of 3rd period - Snap shot by Boone Jenner.
19:22 of 3rd period - Stopped by Rick DiPietro with a rebound.
19:24 of 3rd period - Slapshot by Tyler Cuma.
19:24 of 3rd period - Stopped by Rick DiPietro with a rebound.
19:26 of 3rd period - Snap shot by Tyler Cuma.
19:26 of 3rd period - Shot Misses the Net.
19:40 of 3rd period - Bobby Butler is hit by Mike Lundin and loses puck.
19:49 of 3rd period - Slapshot by Martin Havlat.
19:49 of 3rd period - Shot Misses the Net.
Goals for this period are 1 for Sharks vs 1 for Blue Jackets.
Shots for this period are 21 for Sharks vs 11 for Blue Jackets.